 Dungeon Crawl Stone Soup version 0.24.0-13-gcf9b319 (webtiles) character file.

Game seed: 12520612019222645323, levelgen mode: deterministic

354 Doobh the Magician (level 6, -7/44 HPs)
             Began as a Demonspawn Transmuter on Dec 29, 2019.
             Killed by divine providence
             ... invoked by an orc priest
              (12 damage)
             ... on level 4 of the Dungeon on Dec 30, 2019.
             The game lasted 00:13:34 (2875 turns).

Doobh the Magician (Demonspawn Transmuter)          Turns: 2875, Time: 00:13:34

Health: -7/44      AC:  5    Str: 12 (13) XL:     6   Next: 35%
Magic:  11/11      EV: 12    Int: 13 (14) God:
Gold:   178        SH:  0    Dex: 10 (13) Spells: 8/11 levels left

rFire    . . .     SeeInvis .     - Unarmed
rCold    . . .     Gourm    .   (no shield)
rNeg     . . .     Faith    .   b - +0 robe
rPois    .         Spirit   .   (no helmet)
rElec    .         Reflect  .   (no cloak)
rCorr    .         Harm     .   (no gloves)
MR       .....                  (no boots)
Stlth    ++........             (no amulet)
HPRegen  0.14/turn              (no ring)
MPRegen  0.12/turn              (no ring)

@: no status effects
A: talons 1, slimy green scales 2, demonic guardian 1, spiny 1
a: no special abilities


You were on level 4 of the Dungeon.
You were hungry.

You visited 1 branch of the dungeon, and saw 4 of its levels.

You collected 178 gold pieces.

Inventory:

Missiles
 a - 12 arrows
Armour
 b - a +0 robe (worn)
Jewellery
 h - a cursed ring of teleportation {unknown}
Scrolls
 e - 2 scrolls of enchant armour {unknown}
 g - a scroll of enchant weapon {unknown}
 j - 2 scrolls of identify {unknown}
 l - 2 scrolls of immolation {unknown}
Potions
 f - 2 potions of degeneration
 i - a potion of might {unknown}
 k - a potion of haste {unknown}
 m - a potion of heal wounds {unknown}
 n - a potion of ambrosia {unknown}
 o - a potion of curing {unknown}
 p - a potion of mutation {unknown}
Comestibles
 c - 3 chunks of flesh
 d - 3 rations


   Skills:
 + Level 2.1 Fighting
 + Level 2.5 Dodging
 + Level 1.9 Stealth
 + Level 3.2 Unarmed Combat
 * Level 3.4 Spellcasting
 * Level 1.6 Hexes
 * Level 3.3 Transmutations


You had 8 spell levels left.
You knew the following spells:

 Your Spells              Type           Power        Failure   Level  Hunger
a - Beastly Appendage     Tmut           ##....       5%          1    #......
b - Ensorcelled Hibernat  Hex/Ice        #.....       24%         2    ##.....

Your spell library contained the following spells:

 Spells                   Type           Power        Failure   Level  Hunger
 Sticks to Snakes         Tmut           ##......     9%          2    ##.....
 Corona                   Hex            #......      12%         1    #......
 Spider Form              Tmut/Pois      #.........   32%         3    ###....
 Confuse                  Hex            #.......     34%         3    ###....
 Tukima's Dance           Hex            #.......     34%         3    ###....
 Dazzling Spray           Conj/Hex       #.....       43%         3    ###....
 Ice Form                 Ice/Tmut       #.......     73%         4    #####..
 Blade Hands              Tmut           ##........   83%         5    ######.


Dungeon Overview and Level Annotations

Branches:
Dungeon (4/15)
 Temple: D:4-7

Altars:
Cheibriados
Gozag

Annotations:
D:2 Sigmund


Innate Abilities, Weirdness & Mutations

You have sharp toenails.
You are mostly covered in slimy green scales. (AC +3)
A weak demonic guardian rushes to your aid.
You are partially covered in sharp spines.


Message History

The orc priest is almost dead.
You hit the orc priest.
You kill the orc priest!
Your transformation is almost over.
There is an open door here.
Your horns disappear.
You are feeling hungry.
An orc priest comes into view. It is wielding a +0 club.
Some of the chunks of flesh in your inventory have rotted away.
The orc priest mumbles some strange prayers to Beogh against you.
Beogh smites you!
* * * LOW HITPOINT WARNING * * *
The orc wizard casts a spell at your quasit.
Your quasit resists with significant effort.
It was a potion of degeneration.
There was something very wrong with that liquid.
You feel weakened.
You feel dopey.
You feel clumsy.
The orc priest mumbles some strange prayers to Beogh against you.
Beogh smites you!
You die...

.........#####'##..######.<......
.........#.....#...#....'........
.........'.....#...#....#........
.<.......####'###..##...#........
#######.....#..######...#########
#.....#...#..>#.....#
#.....#...#...'.....#
#####.....#####################
#.........o...@...J............
#.......)...5......l...........
#..÷....)......................
#......o.......................
+.............)................
#...............)..............
....#+###÷################'#####
+....#...................#..[J...
#....#...................'..)....


You could see an orc priest, an orc wizard, an ooze, a frilled lizard and a
friendly quasit.

Vanquished Creatures
  A phantom (D:4)
  An orc priest (D:4)
  Natasha (thrice) (D:3)
  2 adders
  An ooze (D:1)
  An adder skeleton (D:4)
  2 dart slugs
  3 orcs (D:4)
  7 bats
  2 giant cockroaches
  5 goblins
  10 hobgoblins
  3 quokkas
  3 ball pythons
  5 frilled lizards
  5 kobolds
  3 rats
  A plant (D:3)
58 creatures vanquished.

Vanquished Creatures (collateral kills)
  An ogre (D:4)
  2 worker ants (D:4)
  2 orcs (D:4)
  A leopard gecko zombie (D:4)
6 creatures vanquished.

Grand Total: 64 creatures vanquished

Notes
Turn   | Place    | Note
-------+----------+-------------------------------------------
     0 | D:1      | Doobh the Demonspawn Transmuter began the quest for the
                  | Orb.
     0 | D:1      | Reached XP level 1. HP: 15/15 MP: 3/3
    68 | D:1      | Gained mutation: You are partially covered in slimy green
                  | scales. (AC +2) [demonic ancestry]
    68 | D:1      | Reached XP level 2. HP: 21/21 MP: 3/5
   594 | D:1      | Gained mutation: A weak demonic guardian rushes to your
                  | aid. [demonic ancestry]
   594 | D:1      | Reached XP level 3. HP: 23/26 MP: 4/6
   815 | D:2      | Found an opulent altar of Gozag.
   953 | D:2      | Noticed Sigmund
  1629 | D:3      | Noticed Natasha
  1645 | D:3      | Killed Natasha
  1645 | D:3      | Reached skill level 1 in Stealth
  1645 | D:3      | Gained mutation: You are partially covered in sharp spines.
                  | [demonic ancestry]
  1645 | D:3      | Reached XP level 4. HP: 6/32 MP: 6/8
  2070 | D:3      | Noticed Natasha
  2087 | D:3      | Killed Natasha
  2285 | D:3      | Noticed Natasha
  2307 | D:3      | Killed Natasha
  2566 | D:4      | Found a snail-covered altar of Cheibriados.
  2620 | D:4      | Learned a level 2 spell: Ensorcelled Hibernation
  2624 | D:4      | Gained mutation: You have sharp toenails. [demonic
                  | ancestry]
  2624 | D:4      | Reached XP level 5. HP: 38/38 MP: 7/9
  2753 | D:4      | Noticed a phantom
  2753 | D:4      | Noticed an ogre
  2783 | D:4      | Killed an ogre
  2783 | D:4      | Reached skill level 1 in Hexes
  2788 | D:4      | Killed a phantom
  2788 | D:4      | Gained mutation: You are mostly covered in slimy green
                  | scales. (AC +3) [demonic ancestry]
  2788 | D:4      | Reached XP level 6. HP: 16/44 MP: 8/11
  2875 | D:4      | Killed from afar by an orc priest

Levels and vault maps discovered:
D:1:      grunt_arrival_crossed_arrows, layout_basic
D:2:      layout_basic, gammafunk_temple_overflow_wave, lemuel_doored_altar,
          uniq_sigmund, uniq_jessica
D:3:      layout_loops_ring, serial_glass, glass_columns_b, glass_columns_b,
          grunt_ministairs_8, saegor_snake_ambush, uniq_natasha
D:4:      layout_gridville, first_ration, kennysheep_slug_shrine, uniq_duvessa

Skill      XL: |  1  2  3  4  5 |
---------------+----------------+-----
Transmutations | 2 3 |  3.3
Dodging        | 2 |  2.5
Stealth        | 1 |  1.9
Unarmed Combat | 3 |  3.2
Spellcasting   | 3 |  3.4
Fighting       | 2 |  2.1
Hexes          | 1 |  1.6

Action                   |  1- 3 |  4- 6 || total
-------------------------+-------+-------++-------
Melee: Unarmed           |   181 |    68 ||   249
       Kick              |     7 |    11 ||    18
       Headbutt          |     6 |     2 ||     8
       Punch             |     1 |     1 ||     2
 Cast: Beastly Appendage |    16 |    14 ||    30
  Use: Potion            |       |     1 ||     1
 Stab: Sleeping          |     1 |       ||     1
  Eat: Chunk             |     3 |       ||     3
       Ration            |       |     1 ||     1
Armor: Robe              |    36 |    14 ||    50
Dodge: Dodged            |    75 |    32 ||   107
